 Dungeon Crawl Stone Soup version 0.31-a0-229-g1fc7ce93e2 (webtiles) character file.

Game seed: 1868533515103170393

8598 ragingrage the Slicer (level 10, -2/62 HPs)
             Began as an Octopode Reaver on July 6, 2023.
             Was a Believer of Ru.
             Slain by a tengu warrior
             ... wielding a +1 antimagic battleaxe
              (16 damage)
             ... on level 14 of the Dungeon.
             The game lasted 00:21:16 (11309 turns).

ragingrage the Slicer (Octopode Reaver)            Turns: 11309, Time: 00:21:16

Health: -2/62      AC:  1    Str: 16    XL:     10   Next: 33%
Magic:  0/17       EV: 18    Int: 22    God:    Ru [**....]
Gold:   583        SH:  0    Dex: 21    Spells: 4/18 levels left

rFire   . . .        u - +5 dagger of the Dove {flame, Drain Str+4 Int+4 Dex+3}
rCold   + . .        (no shield)
rNeg    + . .        (helmet restricted)
rPois   +            (no amulet)
rElec   .            i - ring of positive energy
rCorr   .            o - ring of protection from cold
SInv    +            y - ring of wizardry
Will    .....        B - ring of see invisible
Stlth   ++++         E - +6 ring of dexterity
HPRegen 0.30/turn    (no ring)
MPRegen 0.15/turn    (no ring)
                     (no ring)

%: clarity, wizardry (x1)
@: no status effects
A: almost no armour, amphibious, 8 rings, camouflage 1, frail 1, gelatinous body
1, inexperienced 1, (nimble swimmer 1), tentacles, clarity, sense surroundings
1, poison resistance
a: Renounce Religion


You were on level 14 of the Dungeon.
You worshipped Ru.
Ru was pleased with you.
You visited 2 branches of the dungeon, and saw 13 of its levels.
You also visited: Sewer, Ossuary and Bailey.

You collected 583 gold pieces.

Inventory:

Hand Weapons
 u - the +5 dagger of the Dove (weapon) {flame, Drain Str+4 Int+4 Dex+3}
   (You found it on level 4 of the Dungeon)

   Str:       It affects your strength (+4).
   Int:       It affects your intelligence (+4).
   Dex:       It affects your dexterity (+3).
   Drain:     It drains your maximum health when unequipped.
 H - a +3 scimitar
Missiles
 C - 2 silver javelins
 F - 18 poisoned darts (quivered)
Armour
 D - an orb of energy
Magical Staves
 e - a staff of cold
Jewellery
 c - a ring of fire
 i - a ring of positive energy (left tentacle)
 o - a ring of protection from cold (right tentacle)
 y - a ring of wizardry (on tentacle)
 B - a ring of see invisible (on tentacle)
 E - a +6 ring of dexterity (on tentacle)
Wands
 m - a wand of flame (25)
 t - a wand of polymorph (25)
 A - a wand of iceblast (9)
Scrolls
 a - 2 scrolls of blinking
 f - 3 scrolls of immolation
 g - 5 scrolls of enchant weapon
 h - 2 scrolls of fog
 k - 8 scrolls of teleportation
 n - 3 scrolls of butterflies
 r - a scroll of poison {unknown}
 w - a scroll of vulnerability {unknown}
 x - 2 scrolls of fear
 G - a scroll of enchant armour {unknown}
 I - a scroll of revelation {unknown}
Potions
 d - 6 potions of magic
 l - a potion of attraction {unknown}
 p - a potion of brilliance {unknown}
 q - 2 potions of heal wounds {unknown}
 s - a potion of resistance
 v - 3 potions of enlightenment
 z - 3 potions of haste
 J - a potion of experience {unknown}
Miscellaneous
 K - a phantom mirror (inert)


   Skills:
 + Level 6.9 Fighting
 - Level 9.5(10.0) Short Blades
 - Level 4.3(7.5) Long Blades
 - Level 7.0 Dodging
 - Level 4.0 Stealth
 + Level 4.7 Spellcasting
 + Level 4.5 Conjurations
 - Level 1.0 Necromancy
 - Level 3.5 Translocations
 + Level 3.3 Ice Magic
 + Level 2.4 Air Magic
 - Level 6.0 Evocations


You had 4 spell levels left.
You knew the following spells:

 Your Spells              Type           Power      Damage    Failure   Level
a - Kiss of Death         Conj/Necr      68%        2d10      1%          1
b - Momentum Strike       Conj/Tloc      46%        3d9       1%          2
c - Teleport Other        Tloc           20%        N/A       3%          3
d - Hailstorm             Conj/Ice       22%        3d7       2%          3
e - Freezing Cloud        Conj/Ice/Air   10%        6-21      26%         5

Your spell library contained the following spells:

 Spells                   Type           Power      Damage    Failure   Level
 Foxfire                  Conj/Fire      60%        2x1d7     1%          1
 Gell's Gravitas          Tloc           20%        N/A       3%          3
 Beastly Appendage        Tmut           10%        N/A       4%          1
 Sting                    Tmut/Pois      20%        1d4       4%          1
 Cigotuvi's Dreadful Rot  Necr/Pois/Air  20%        N/A       4%          2
 Dazzling Flash           Conj/Hex       30%        N/A       4%          3
 Ignite Poison            Fire/Tmut/Pois 5%         N/A       12%         3
 Ice Form                 Ice/Tmut       12%        N/A       21%         4
 Fireball                 Conj/Fire      7%         3d5       41%         5
 Silence                  Hex/Air        5%         N/A       54%         5
 Agony                    Necr           9%         N/A       56%         5
 Dispersal                Tloc           10%        N/A       80%         6
 Starburst                Conj/Fire      7%         6d4       91%         6
 Simulacrum               Ice/Necr       7%         N/A       92%         6
 Plasma Beam              Fire/Air       5%         2x1d15    98%         6
 Eringya's Noxious Bog    Tmut/Pois      2%         4d6       99%         6


Dungeon Overview and Level Annotations

Branches:
Dungeon (11/15)            Temple (1/1) D:6            Lair (0/5) D:8
  Sewer (visited)         Ossuary (visited)          Bailey (visited)
    Orc: D:9-12

Altars:
Ashenzari
Cheibriados
Dithmenos
Elyvilon
Kikubaaqudgha
Okawaru
Qazlal
Ru
Trog
Uskayaw
Vehumet
Wu Jian
Xom
Yredelemnul
Zin

Annotations:
D:7 exclusion: door
D:8 exclusion: 2 doors
D:9 exclusion: killer bee


Innate Abilities, Weirdness & Mutations

You cannot wear most types of armour.
You are amphibious.
You can wear up to eight rings at the same time.
Your skin changes colour to match your surroundings (Stealth+).
You are frail. (-10% HP)
Your rubbery body absorbs attacks. (AC +1, EV +1)
You are somewhat inexperienced. (-1 XL)
((You are camouflaged when in or above water. (Stealth+)))
You have tentacles for arms and can constrict up to eight enemies at once.
You possess an exceptional clarity of mind.
You passively map a small area around you.
Your system is resistant to poisons. (rPois)


Message History

A tengu warrior comes into view. It is wielding a +0 glaive.
Aiming: Phantom Mirror
Press: ? - help, Dir - move target, f - tengu warrior
Aim: a tengu warrior, wielding a +1 antimagic battleaxe and wearing a +0 ring mail You reflect the tengu warrior with the mirror!
The mirror clouds!
You hit the tengu warrior. You burn the tengu warrior.
You grab the tengu warrior. Your squeeze misses the tengu warrior.
You constrict the tengu warrior, but do no damage.
Your tengu warrior hits the tengu warrior but does no damage.
Your tengu warrior pecks the tengu warrior but does no damage.
Your tengu warrior claws the tengu warrior but does no damage.
The tengu warrior hits you with a +1 antimagic battleaxe!
You feel your power leaking away.
The tengu warrior barely misses your tengu warrior.
The tengu warrior pecks you! The tengu warrior claws you.
You hit the tengu warrior. You burn the tengu warrior.
You squeeze the tengu warrior, but do no damage.
You constrict the tengu warrior, but do no damage.
You hit the tengu warrior but do no damage.
You squeeze the tengu warrior, but do no damage.
You constrict the tengu warrior.
Your tengu warrior hits the tengu warrior with a +1 antimagic battleaxe!
Your tengu warrior pecks the tengu warrior but does no damage.
Your tengu warrior barely misses the tengu warrior.
The tengu warrior hits you with a +1 antimagic battleaxe!!
* * * LOW HITPOINT WARNING * * *
You feel your power leaking away.
The tengu warrior hits your tengu warrior with a +1 antimagic battleaxe!
The tengu warrior pecks you.
* * * LOW HITPOINT WARNING * * *
The tengu warrior claws you.
* * * LOW HITPOINT WARNING * * *
Unknown command.
You feel better.
You constrict the tengu warrior.
Your tengu warrior hits the tengu warrior with a +1 antimagic battleaxe.
Your tengu warrior pecks the tengu warrior but does no damage.
Your tengu warrior claws the tengu warrior but does no damage.
The tengu warrior hits you with a +1 antimagic battleaxe!
You die...

* *#. * * , * * #. ####
* , ,*#.* #... * , ###.
..# ######## Q.#...##.#
###>.....#
....##...######.).####.#
#........###.....### #.#
* ..#.##.#..#####.## #.#
* ...##..QQ@...# #.#
!....,#######..## #.#
,..#### * * #...#####.#
. * , ##.....##.# *,, ,
########.# * * ,, #.# *
* #.# , , * , * , , , *


You could see a tengu warrior (ally target) and a friendly tengu warrior
(summoned, drained).

Vanquished Creatures
  2 two-headed ogres (D:9)
  An orc knight (Bailey)
  A deep elf zephyrmancer (Bailey)
  Maurice (D:9)
  A kobold demonologist (D:7)
  An unseen horror (D:7)
  A shadow (D:11)
  2 steam dragons
  A vampire mosquito (D:8)
  A neqoxec (D:11)
  2 wargs (D:8)
  An acid dragon (D:8)
  A black bear (D:4)
  6 orc warriors
  An ice beast (D:8)
  A sky beast (D:6)
  An ogre (D:7)
  6 centaurs
  A phantom (D:7)
  3 kobold brigands
  8 bullfrogs
  3 scorpions
  A gnoll sergeant (D:10)
  14 wights
  8 killer bees (D:9)
  3 howler monkeys
  4 orc priests
  Crazy Yiuf (D:6)
  2 jellies (D:7)
  A hound (D:7)
  2 sleepcaps
  Jessica (D:3)
  3 orc wizards
  5 iguanas
  A mummy (Ossuary)
  7 gnolls
  12 adders
  4 river rats
  A shadow imp (D:6)
  A white imp (D:6)
  2 ufetubi
  A worm (D:4)
  3 dart slugs
  35 orcs
  4 endoplasms
  5 giant cockroaches
  9 goblins
  9 hobgoblins
  A jackal (D:2)
  9 kobolds
  7 quokkas
  7 ball pythons
  3 bats
  10 frilled lizards
  5 gnoll skeletons (Ossuary)
  7 kobold skeletons (Ossuary)
  13 orc skeletons (Ossuary)
  19 rats
266 creatures vanquished.

Vanquished Creatures (collateral kills)
  Psyche (D:8)
  2 wyverns (D:9)
  An orc warrior (D:8)
  An orc priest (D:8)
5 creatures vanquished.

Vanquished Creatures (others)
  A yak (D:10)
  An orc warrior (Bailey)
  An orc wizard (D:8)
3 creatures vanquished.

Grand Total: 274 creatures vanquished

Notes
Turn   | Place    | Note
-------+----------+-------------------------------------------
     0 | D:1      | ragingrage the Octopode Reaver began the quest for the Orb.
     0 | D:1      | Reached XP level 1. HP: 14/14 MP: 3/3
   241 | D:1      | Reached skill level 1 in Necromancy
   241 | D:1      | Reached XP level 2. HP: 16/19 MP: 5/5
   724 | D:1      | Reached XP level 3. HP: 7/24 MP: 6/6
   831 | D:1      | Learned a level 2 spell: Momentum Strike
  1219 | D:2      | Reached skill level 1 in Stealth
  1301 | D:2      | Found a faded altar of an unknown god.
  1662 | D:3      | Noticed Jessica
  1666 | D:3      | Killed Jessica
  1667 | D:3      | Reached skill level 1 in Translocations
  1667 | D:3      | Reached XP level 4. HP: 29/29 MP: 7/7
  2408 | D:4      | Identified the +5 dagger of the Dove {flame, Drain Str+4
                  | Int+4 Dex+3}
  2440 | D:4      | Found a sand-covered staircase.
  2446 | Ossuary  | Entered an ossuary
  2446 | Ossuary  | Noticed a wraith
  2446 | Ossuary  | Noticed a wraith
  2446 | Ossuary  | Noticed a wraith
  2474 | Ossuary  | Reached XP level 5. HP: 33/34 MP: 8/8
  2551 | Ossuary  | Noticed a wraith
  2612 | D:4      | Noticed a black bear
  2720 | D:4      | Reached skill level 1 in Short Blades
  2827 | D:4      | Reached skill level 2 in Short Blades
  2848 | D:4      | Reached skill level 3 in Short Blades
  2848 | D:4      | Reached XP level 6. HP: 39/39 MP: 9/9
  2885 | D:4      | Reached skill level 4 in Short Blades
  2901 | D:4      | Found a glowing drain.
  2911 | Sewer    | Entered a sewer
  3523 | D:4      | Killed a black bear
  3524 | D:4      | Reached skill level 5 in Short Blades
  3524 | D:4      | Reached XP level 7. HP: 31/45 MP: 10/10
  4418 | D:5      | Entered Level 5 of the Dungeon
  4510 | D:5      | Found a stormy altar of Qazlal.
  4512 | D:5      | Noticed a water elemental
  4513 | D:5      | Noticed an air elemental
  4513 | D:5      | Noticed a fire elemental
  4621 | D:5      | Reached skill level 6 in Short Blades
  4669 | D:5      | Identified the +1 robe of Ulasitt {rN+ Int+4}
  4697 | D:5      | Found a hide-covered altar of Uskayaw.
  5379 | D:6      | Found a glowing silver altar of Zin.
  5412 | D:6      | Reached skill level 1 in Evocations
  5412 | D:6      | Reached XP level 8. HP: 33/51 MP: 11/11
  5728 | D:6      | Found a staircase to the Ecumenical Temple.
  5737 | Temple   | Entered the Ecumenical Temple
  5737 | Temple   | Found a transporter.
  5737 | Temple   | Found a transporter.
  5774 | Temple   | Found a transporter.
  5774 | Temple   | Found a transporter.
  5812 | Temple   | Became a worshipper of Ru the Awakened
  5927 | D:6      | Found a runed translucent door.
  5928 | D:6      | Noticed Crazy Yiuf
  5935 | D:6      | Killed Crazy Yiuf
  5936 | D:6      | Reached skill level 7 in Short Blades
  6330 | D:6      | Reached skill level 8 in Short Blades
  6562 | D:7      | Reached XP level 9. HP: 56/56 MP: 12/12
  6782 | D:7      | Reached skill level 9 in Short Blades
  7234 | D:7      | Noticed an unseen horror
  7248 | D:7      | Killed an unseen horror
  7382 | D:7      | Noticed a brown ugly thing
  7382 | D:7      | Noticed a cyan ugly thing
  7382 | D:7      | Noticed a kobold demonologist
  7382 | D:7      | Noticed a komodo dragon
  7405 | D:7      | Noticed an ice devil
  7408 | D:7      | Killed a kobold demonologist
  7409 | D:7      | Reached skill level 5 in Dodging
  7470 | D:8      | Learned a level 3 spell: Teleport Other
  7494 | D:8      | Gained mutation: You are somewhat inexperienced. (-1 XL)
                  | [Ru sacrifice]
  7494 | D:8      | Reached XP level 8. HP: 54/54 MP: 11/11
  7494 | D:8      | Reached * piety under Ru
  7541 | D:8      | Reached skill level 5 in Fighting
  7701 | D:8      | Found a flagged portal.
  7709 | D:8      | Reached XP level 9. HP: 49/61 MP: 12/12
  7855 | Bailey   | Entered a bailey
  7922 | Bailey   | Found a large runed translucent door.
  7922 | Bailey   | Found a large runed translucent door.
  7923 | Bailey   | Noticed a deep elf zephyrmancer
  7928 | Bailey   | Noticed an orc knight
  8017 | Bailey   | Learned a level 3 spell: Hailstorm
  8491 | Bailey   | Reached skill level 1 in Ice Magic
  8607 | Bailey   | Killed an orc knight
  8804 | Bailey   | Killed a deep elf zephyrmancer
  9016 | D:8      | Found a staircase to the Lair.
  9016 | D:8      | Noticed Psyche
  9023 | D:8      | Killed Psyche
  9039 | D:8      | Reached skill level 5 in Evocations
  9708 | D:8      | Noticed a centaur warrior
  9724 | D:9      | Found an ornate altar of the Wu Jian Council.
  9756 | D:9      | Noticed Maurice
  9784 | D:9      | Killed Maurice
  9860 | D:9      | Learned a level 5 spell: Freezing Cloud
  9865 | D:9      | Noticed a two-headed ogre
  9878 | D:9      | Reached XP level 10. HP: 30/69 MP: 16/16
  9882 | D:9      | Killed a two-headed ogre
  9883 | D:9      | Reached skill level 1 in Air Magic
 10363 | D:9      | Found a shadowy altar of Dithmenos.
 10414 | D:9      | Found an ornate altar of the Wu Jian Council.
 10416 | D:9      | Found an iron altar of Okawaru.
 10416 | D:9      | Found a shimmering altar of Xom.
 10418 | D:9      | Found a blossoming altar of Fedhas.
 10418 | D:9      | Found a glowing golden altar of the Shining One.
 10418 | D:9      | Found a snail-covered altar of Cheibriados.
 10442 | D:9      | Noticed a two-headed ogre
 10459 | D:9      | Killed a two-headed ogre
 11033 | D:10     | Entered Level 10 of the Dungeon
 11041 | D:10     | Got the Octavo of Shaping
 11119 | D:10     | Gained mutation: You are frail. (-10% HP) [Ru sacrifice]
 11119 | D:10     | Reached ** piety under Ru
 11248 | D:11     | Gained mutation: You do not regenerate when monsters are
                  | visible. [a neqoxec]
 11265 | D:11     | Lost mutation: You do not regenerate when monsters are
                  | visible. [potion of mutation]
 11265 | D:11     | Gained mutation: Your system is resistant to poisons.
                  | (rPois) [potion of mutation]
 11265 | D:11     | Gained mutation: You possess an exceptional clarity of
                  | mind. [potion of mutation]
 11265 | D:11     | Gained mutation: You passively map a small area around you.
                  | [potion of mutation]
 11271 | D:11     | You fall into a shaft and drop 3 floors!
 11296 | D:14     | Noticed a tengu warrior
 11298 | D:14     | Noticed a tengu warrior
 11309 | D:14     | Slain by a tengu warrior

Illustrated notes

Levels and vault maps discovered:
D:1:      saegor_arrival_simple_c, layout_basic
D:2:      layout_basic, hellmonk_ecumenical_altar_arch_garden, hex_medium,
          minmay_ruptured
D:3:      layout_loops_ring, uniq_jessica
D:4:      layout_layer_cave, nicolae_ossuary_entry_plus, portal_sewer_entry_b,
          kennysheep_opposing_triangles
D:5:      layout_loops_corners, nicolae_qazlal_style_of_elements,
          general_overflow_altar, solitary_fountain
D:6:      minmay_recursive_quarters, layout_rooms, mainiacjoe_overflow_brackets,
          minmay_temple_entry_mist, uniq_crazy_yiuf_cottage
D:7:      minmay_the_grid_triangle_9x9_recursive_2
          [minmay_the_grid_triangle_9x9_prize_top_heavy,
          minmay_the_grid_triangle_9x9_zippers_horizontal,
          minmay_the_grid_triangle_9x9_pentomino_pain,
          minmay_the_grid_triangle_9x9_alien], layout_rooms,
          kennysheep_little_box
D:8:      minmay_chambers_of_sevens, layout_basic, erik_lair_orcish_takeover,
          enter_bailey_2, uniq_psyche
D:9:      layout_basic, grunt_dithmenos_smoke, doesnt_xom_only_xom,
          mainiacjoe_overflow_cross_hatched, special_room [special_room_bee],
          uniq_maurice
D:10:     layout_basic, nemelex_spade_bored_becter, nicolae_gozag_seed_capital,
          mainiacjoe_overflow_alcove_3, st_stairs_4
D:11:     layout_cave_pools, portal_ice_cave_entry_pillars_1,
          ebering_ghost_disaster_area, serial_demonic, serial_demonic_a,
          serial_demonic_c, serial_demonic_f, serial_demonic_a,
          serial_demonic_f, serial_demonic_e
D:14:     layout_rooms, minmay_misc_feat_tiny, dk_noncrumbling_2, fedhas_altar_3
Temple:   hellmonk_temple_divided_pantheon

Skill      XL: |  1  2  3  4  5  6  7  8  9 10 |
---------------+-------------------------------+-----
Necromancy     | 1 |  1.0
Long Blades    | 4 |  4.3
Stealth        | 1 2 3 4 |  4.0
Translocations | 1 2 3 |  3.5
Short Blades   | 3 5 6 8 9 |  9.5
Evocations     | 1 4 6 |  6.0
Dodging        | 4 7 |  7.0
Fighting       | 5 6 |  6.9
Ice Magic      | 2 3 |  3.3
Spellcasting   | 4 |  4.7
Air Magic      | 2 |  2.4
Conjurations   | 4 |  4.5

Action                     |  1- 3 |  4- 6 |  7- 9 | 10-12 || total
---------------------------+-------+-------+-------+-------++-------
  Melee: Falchion          |    68 |    21 |       |       ||    89
         Constrict         |    16 |    35 |    53 |    12 ||   116
         Tentacles         |     7 |    20 |   105 |    28 ||   160
         Dagger            |       |   126 |   340 |    95 ||   561
         Punch             |       |       |    12 |       ||    12
   Fire: Sling             |     6 |     4 |       |       ||    10
  Throw: Dart              |       |       |     9 |       ||     9
   Cast: Hailstorm         |       |       |    27 |     6 ||    33
         Kiss of Death     |       |       |     2 |     1 ||     3
 Invoke: Sacrifice Experie |       |       |     1 |       ||     1
         Sacrifice Health  |       |       |       |     1 ||     1
  Evoke: Wand              |       |       |    12 |       ||    12
         Phantom mirror    |       |       |       |     1 ||     1
    Use: Scroll            |       |     6 |     9 |     2 ||    17
         Potion            |       |     2 |       |     3 ||     5
   Stab: Sleeping          |    12 |    20 |    17 |     2 ||    51
         Invisible         |       |     1 |       |       ||     1
         Distracted        |       |       |     3 |       ||     3
 Armour: Skin              |     4 |     9 |     5 |     1 ||    19
  Dodge: Dodged            |    42 |    69 |   132 |    53 ||   296

Table legend: (Time is in decaauts)
 A = Elapsed time spent in this place.
 B = Non-inter-level travel time spent in this place.
 C = Inter-level travel time spent in this place.
 D = Time resting spent in this place.
 E = Time spent auto-exploring this place.
 F = Levels seen in this place.
 G = Mean time per level.
                   A        B        C        D        E       F      G
               +--------+--------+--------+--------+--------+-----+--------+
         Total |  11085 |  10720 |    365 |   2481 |   5210 |  16 |  692.8 |
       Dungeon |   9434 |   9076 |    358 |   2390 |   4738 |  12 |  786.2 |
        Temple |     90 |     83 |      7 |      0 |     41 |   1 |   90.0 |
         Sewer |    402 |    402 |      0 |      0 |    273 |   1 |  402.0 |
       Ossuary |    139 |    139 |      0 |      0 |      3 |   1 |  139.0 |
        Bailey |   1018 |   1018 |      0 |     91 |    155 |   1 | 1018.0 |
               +--------+--------+--------+--------+--------+-----+--------+

Top non-repeatable levels by time:
     D:4: 1462 daAuts
     D:9: 1270 daAuts
     D:6: 1088 daAuts
     D:8: 1043 daAuts
  Bailey: 1018 daAuts
     D:7: 995 daAuts
     D:5: 924 daAuts
     D:1: 902 daAuts
     D:2: 764 daAuts
     D:3: 723 daAuts
   Sewer: 402 daAuts
    D:10: 190 daAuts
 Ossuary: 139 daAuts
  Temple: 90 daAuts
    D:14: 36 daAuts
